 Dungeon Crawl Stone Soup version 0.27-a0-203-gd48b2df3c9 (webtiles) character file.

Game seed: 9856955647589530786

17401 gimp the Slicer (level 12, -7/81 HPs)
             Began as a Demonspawn Hedge Wizard on Jan 30, 2021.
             Was an Initiate of Gozag.
             Mangled by a warg (9 damage)
             ... led by an orc knight
             ... on level 11 of the Dungeon.
             The game lasted 00:43:35 (23217 turns).

gimp the Slicer (Demonspawn Hedge Wizard)          Turns: 23217, Time: 00:43:36

Health: -7/81      AC:  7    Str: 11    XL:     12   Next: 18%
Magic:  23/24      EV: 13    Int: 26    God:    Gozag
Gold:   2546       SH: 10    Dex: 13    Spells: 18/27 levels left

rFire    . . .     SeeInvis .   a - +2 short sword (venom)
rCold    . . .     Faith    .   G - +0 buckler
rNeg     . . .     Spirit   .   d - +2 leather armour {rPois}
rPois    +         Reflect  +   c - +0 hat
rElec    .         Harm     .   (no cloak)
rCorr    .         Rampage  .   (no gloves)
Will     +....                  x - +1 pair of boots
Stlth    +++.......             M - amulet of reflection
HPRegen  0.23/turn              P - ring of willpower
MPRegen  0.19/turn              K - +6 ring of intelligence

@: no status effects
A: antennae 1, claws 2, hooves 2, foul stench 1, powered by death 2
a: Renounce Religion, Potion Petition, Call Merchant, Bribe Branch


You were on level 11 of the Dungeon.
You worshipped Gozag.
Gozag was most pleased with you.
You visited 2 branches of the dungeon, and saw 13 of its levels.
You also visited: Ossuary.

You collected 3410 gold pieces.
You spent 96 gold pieces at shops.
You paid 768 gold pieces to Gozag.

Inventory:

Hand Weapons
 a - a +2 short sword of venom (weapon)
 b - a +4 short sword
 j - a +0 falchion of flaming
 O - the +7 scimitar "Yrran" {freeze, rElec Str+2}
   (You took it off an orc on level 10 of the Dungeon)

   It has been specially enchanted to freeze those struck by it, causing extra
   injury to most foes and up to half again as much damage against particularly
   susceptible opponents.
   It can also slow down cold-blooded creatures.
   It affects your strength (+2).
   It insulates you from electricity.
Missiles
 t - 3 curare-tipped darts
 y - 21 poisoned darts
Armour
 c - a +0 hat (worn)
 d - a +2 leather armour of poison resistance (worn)
 x - a +1 pair of boots (worn)
 G - a +0 buckler (worn)
Jewellery
 m - an uncursed ring of positive energy
 r - an uncursed ring of see invisible
 I - an uncursed ring of wizardry
 K - a +6 ring of intelligence (right claw)
 L - an uncursed ring of magical power
 M - an amulet of reflection (around neck)
 P - a ring of willpower (left claw)
Wands
 v - a wand of acid (14)
 A - a wand of flame (42)
 C - a wand of mindburst (24) (quivered)
 J - a wand of paralysis (6)
 R - a wand of enslavement (13)
Scrolls
 f - 4 scrolls of teleportation
 i - 6 scrolls of remove curse
 k - 2 scrolls of fog
 s - 2 scrolls of fear
 u - a scroll of blinking
 w - 2 scrolls of enchant weapon
 F - a scroll of vulnerability
 H - a scroll of summoning
 N - a scroll of silence
 Q - 2 scrolls of identify
Potions
 e - 5 potions of curing
 g - 3 potions of haste
 h - 2 potions of ambrosia
 l - 2 potions of cancellation
 n - 4 potions of heal wounds
 o - 3 potions of flight
 p - 3 potions of brilliance
 q - 3 potions of resistance
 z - 2 potions of lignification
 B - 2 potions of might
 D - 2 potions of invisibility
 E - a potion of magic
Miscellaneous
 S - a phantom mirror
 T - a tin of tremorstones (2/2)


   Skills:
 - Level 3.0 Fighting
 - Level 12.0 Short Blades
 + Level 2.7 Armour
 - Level 4.0 Dodging
 + Level 5.4 Stealth
 - Level 4.0 Shields
 - Level 8.0 Spellcasting
 - Level 7.0 Conjurations
 - Level 1.0 Summonings
 - Level 2.0 Translocations
 - Level 3.0 Air Magic
 - Level 3.0 Poison Magic
 * Level 2.6 Evocations


You had 18 spell levels left.
You knew the following spells:

 Your Spells              Type           Power        Failure   Level
a - Magic Dart            Conj           100%         1%          1
b - Blink                 Tloc           N/A          4%          2
c - Mephitic Cloud        Conj/Pois/Air  32%          3%          3
d - Call Imp              Summ           15%          7%          2
e - Apportation           Tloc           40%          3%          1

Your spell library contained the following spells:

 Spells                   Type           Power        Failure   Level
 Poisonous Vapours        Pois/Air       52%          3%          2
 Summon Small Mammal      Summ           60%          4%          1
 Conjure Flame            Conj/Fire      28%          4%          3
 Animate Skeleton         Necr           20%          7%          1
 Corona                   Hex            11%          7%          1
 Slow                     Hex            10%          11%         2
 Freezing Cloud           Conj/Ice/Air   13%          96%         6


Dungeon Overview and Level Annotations

Branches:
Dungeon (12/15)            Temple (0/1) D:7            Lair (0/6) D:9
    Orc (1/2) D:11        Ossuary (visited)

Altars:
Ashenzari
Cheibriados
Dithmenos
Elyvilon
Fedhas
Gozag
Hepliaklqana
Makhleb
Nemelex Xobeh
Okawaru
Qazlal
Trog
Vehumet
Yredelemnul
Zin
The Shining One

Shops:
D:7 *   D:8 (   D:11 [[   D:12 [


Innate Abilities, Weirdness & Mutations

You have a pair of small antennae on your head.
You have very sharp fingernails.
You have hoof-like feet.
You may rarely emit foul miasma when damaged in melee.
You regenerate health from kills.


Message History

Press: ? - help, Shift-Dir - straight line, f - orc warrior
Aim: an orc warrior, wielding a +0 hand axe and wearing a +0 plate armour (0% to evade)
The magic dart hits the orc warrior.
The orc warrior is lightly wounded.
You hear a shout!
You block the orc warrior's attack.
The orc warrior hits you with a +2 hand axe of electrocution!
You are electrocuted!
You take 22 damage, and have 39/81 hp.
MASSIVE DAMAGE!!
You now have 23/24 mp.
The warg bites you! The orc warrior barely misses you.
You climb upwards.
Welcome back to the Dungeon!
There is a staircase to the Orcish Mines here.
You take 7 damage, and have 32/81 hp.
The orc warrior hits you with a +2 hand axe of electrocution!
* * * LOW HITPOINT WARNING * * *
You are electrocuted!
* * * LOW HITPOINT WARNING * * *
The warg bites you!
You die...
Your body crumbles into a pile of gold.

#################
#########...............#####
#....##........######'#'##...
#[...##....oo..##.....'∩'....
#....##....h@[........#'#'...
##....##..................#...
#.....###..[....>.........#...
#.....# #......###........#...
#...### #.................####
#...# #.................#
#...## ##'####...........####
#....# #..........#..........
#....####............###'#####


You could see a warg and 2 orc warriors.

Vanquished Creatures
  2 boulder beetles (D:11)
  2 centaur warriors
  3 two-headed ogres
  Sonja (Orc:1)
  A deep elf pyromancer (D:11)
  A manticore (D:11)
  An orc knight (D:11)
  An ugly thing (D:11)
  3 trolls
  A meliai zombie (D:11)
  Grinder (D:4)
  2 wyverns
  A wraith (D:9)
  18 yaks
  Menkaure (D:3)
  Edmund (D:4)
  6 orc warriors
  An eye of draining (D:11)
  5 sky beasts
  3 ice beasts
  7 ogres
  5 phantoms
  3 centaurs
  A big kobold (D:11)
  8 bullfrogs
  2 water moccasin zombies (Ossuary)
  2 scorpions
  4 killer bees (D:10)
  15 wights
  4 howler monkeys
  2 bullfrog zombies
  A centaur zombie (D:9)
  2 centaur skeletons
  3 hounds
  5 jellies
  A bullfrog skeleton (D:5)
  17 orc priests
  3 iguanas
  18 orc wizards
  14 worker ants
  A killer bee zombie (D:6)
  2 big kobold zombies (Ossuary)
  A hound skeleton (D:11)
  A howler monkey zombie (D:11)
  A worker ant zombie (D:8)
  4 gnolls (D:6)
  13 adders
  2 shadow imps
  A white imp (D:5)
  An ufetubus (D:9)
  A worm (D:3)
  2 adder skeletons
  6 adder zombies (Ossuary)
  2 dart slugs
  2 leopard geckos
  61 orcs
  2 ball pythons
  7 giant cockroaches
  2 gnoll zombies (Ossuary)
  13 goblins
  13 hobgoblins
  9 jackals
  2 quokkas (D:4)
  5 bats
  7 frilled lizards
  4 hobgoblin zombies (Ossuary)
  5 kobolds
  5 kobold zombies (Ossuary)
  A leopard gecko skeleton (D:5)
  2 orc zombies (Ossuary)
  A quokka skeleton (D:9)
  8 rats
  A spectral orc (D:7)
360 creatures vanquished.

Vanquished Creatures (collateral kills)
  An ice beast (D:7)
  A water moccasin zombie (Ossuary)
  2 mummies (Ossuary)
  An adder zombie (Ossuary)
  A gnoll zombie (Ossuary)
  A kobold zombie (Ossuary)
7 creatures vanquished.

Vanquished Creatures (others)
  A deep elf pyromancer (D:10)
  A hound skeleton (D:5)
  3 plants
  4 toadstools (D:1)
9 creatures vanquished.

Grand Total: 376 creatures vanquished

Notes
Turn   | Place    | Note
-------+----------+-------------------------------------------
     0 | D:1      | gimp the Demonspawn Hedge Wizard began the quest for the
                  | Orb.
     0 | D:1      | Reached XP level 1. HP: 13/13 MP: 4/4
   457 | D:1      | Gained mutation: You have a pair of small antennae on your
                  | head. [demonic ancestry]
   457 | D:1      | Reached XP level 2. HP: 17/20 MP: 1/6
   812 | D:1      | Reached skill level 1 in Fighting
  1495 | D:2      | Reached XP level 3. HP: 20/26 MP: 0/7
  1591 | D:2      | Found a stormy altar of Qazlal.
  2493 | D:3      | Gained mutation: You may rarely emit foul miasma when
                  | damaged in melee. [demonic ancestry]
  2493 | D:3      | Reached XP level 4. HP: 32/32 MP: 6/8
  2857 | D:2      | Learned a level 2 spell: Blink
  2861 | D:2      | Learned a level 3 spell: Mephitic Cloud
  3089 | D:3      | Reached skill level 1 in Poison Magic
  3089 | D:3      | Gained mutation: You have sharp fingernails. [demonic
                  | ancestry]
  3089 | D:3      | Reached XP level 5. HP: 37/37 MP: 3/10
  3178 | D:3      | Found a blossoming altar of Fedhas.
  3179 | D:3      | Found an opulent altar of Gozag.
  3206 | D:3      | Reached skill level 1 in Air Magic
  3231 | D:3      | Became a worshipper of Gozag Ym Sagoz the Greedy
  4031 | D:3      | Found a faded altar of an unknown god.
  4547 | D:3      | Found a sparkling altar of Nemelex Xobeh.
  4916 | D:3      | Learned a level 2 spell: Call Imp
  4961 | D:4      | Noticed Menkaure
  4961 | D:4      | Noticed an ogre
  4978 | D:3      | Gained mutation: You have large cloven feet. [demonic
                  | ancestry]
  4978 | D:3      | Reached XP level 6. HP: 13/43 MP: 0/11
  5242 | D:4      | Noticed Edmund
  5314 | D:4      | Found a sand-covered staircase.
  5356 | Ossuary  | Entered an ossuary
  5785 | Ossuary  | Gained mutation: You have very sharp fingernails. [demonic
                  | ancestry]
  5785 | Ossuary  | Reached XP level 7. HP: 45/48 MP: 10/13
  6927 | D:3      | Killed Menkaure
  7011 | D:4      | Reached skill level 5 in Conjurations
  7331 | D:4      | Noticed Grinder
  7335 | D:4      | Paralysed by Grinder for 5 turns
  7347 | D:4      | Killed Grinder
  7509 | D:4      | Killed Edmund
  7510 | D:4      | Reached skill level 5 in Spellcasting
  7510 | D:4      | Reached XP level 8. HP: 26/54 MP: 5/15
  8312 | D:5      | Entered Level 5 of the Dungeon
  8382 | D:5      | Found a radiant altar of Vehumet.
  9436 | D:5      | Found a glowing golden altar of the Shining One.
  9992 | D:6      | Found a broken altar of Ashenzari.
 10886 | D:6      | Reached skill level 1 in Short Blades
 11236 | D:7      | Found a staircase to the Ecumenical Temple.
 11259 | D:7      | Found Zin's Purification Station.
 11262 | D:7      | Found a glowing silver altar of Zin.
 11294 | D:7      | Found a white marble altar of Elyvilon.
 11603 | D:7      | Found a burning altar of Makhleb.
 11608 | D:7      | Found an iron altar of Okawaru.
 11652 | D:7      | Found a basalt altar of Yredelemnul.
 11707 | D:7      | Reached skill level 2 in Short Blades
 11707 | D:7      | Gained mutation: You regenerate a little health from kills.
                  | [demonic ancestry]
 11707 | D:7      | Reached XP level 9. HP: 61/61 MP: 10/18
 11868 | D:7      | Found a hazy altar of Hepliaklqana.
 12412 | D:7      | Reached skill level 5 in Stealth
 12725 | D:7      | Reached skill level 3 in Short Blades
 12787 | D:7      | Found a snail-covered altar of Cheibriados.
 13425 | D:8      | Reached skill level 4 in Short Blades
 13523 | D:8      | Noticed a two-headed ogre
 13573 | D:8      | Killed a two-headed ogre
 13574 | D:8      | Reached skill level 5 in Short Blades
 14364 | D:8      | Found Xutacoul's Hydra Hut.
 14369 | D:8      | Noticed a four-headed hydra
 14373 | D:8      | Bought a +0 falchion of flaming for 96 gold pieces
 14867 | D:8      | Found a bloodstained altar of Trog.
 14959 | D:8      | Gained mutation: You have hoof-like feet. [demonic
                  | ancestry]
 14959 | D:8      | Reached XP level 10. HP: 70/70 MP: 20/20
 15276 | D:9      | Reached skill level 6 in Short Blades
 16619 | D:9      | Found a staircase to the Lair.
 16930 | D:10     | Entered Level 10 of the Dungeon
 17150 | D:10     | Reached skill level 7 in Short Blades
 18640 | D:10     | Found a shadowy altar of Dithmenos.
 18813 | D:10     | Learned a level 1 spell: Apportation
 18830 | D:10     | Reached skill level 1 in Translocations
 18960 | D:11     | Noticed a boulder beetle
 18992 | D:11     | Killed a boulder beetle
 18993 | D:11     | Reached skill level 8 in Short Blades
 19209 | D:11     | Noticed a manticore
 19360 | D:10     | Reached XP level 11. HP: 46/75 MP: 23/23
 19569 | D:11     | Noticed a two-headed ogre
 19572 | D:11     | Noticed a centaur warrior
 19573 | D:11     | Noticed a purple ugly thing
 19578 | D:11     | Noticed a deep elf pyromancer
 19583 | D:11     | Killed a purple ugly thing
 19588 | D:11     | Killed a two-headed ogre
 19589 | D:11     | Reached skill level 9 in Short Blades
 19589 | D:11     | Identified the +2 rapier "Xiweq" {vorpal, Str+4 SInv}
 19817 | D:11     | Identified the +7 scimitar "Yrran" {freeze, rElec Str+2}
 19835 | D:10     | Killed a centaur warrior
 20102 | D:10     | Killed a deep elf pyromancer
 20297 | D:11     | Reached skill level 10 in Short Blades
 20492 | D:11     | Noticed a centaur warrior
 20498 | D:11     | Noticed a deep elf pyromancer
 20510 | D:11     | Killed a centaur warrior
 20514 | D:11     | Killed a deep elf pyromancer
 20748 | D:11     | Noticed a boulder beetle
 20765 | D:11     | Killed a boulder beetle
 20923 | D:11     | Reached skill level 11 in Short Blades
 21271 | D:11     | Found Teog's Armour Shoppe.
 21279 | D:11     | Found Deptevux's Antique Armour Emporium.
 21396 | D:11     | Found a blossoming altar of Fedhas.
 21612 | D:11     | Found a staircase to the Orcish Mines.
 22046 | D:12     | Noticed a two-headed ogre
 22089 | D:12     | Killed a two-headed ogre
 22090 | D:12     | Reached skill level 1 in Armour
 22376 | D:12     | Gained mutation: You regenerate health from kills. [demonic
                  | ancestry]
 22376 | D:12     | Reached XP level 12. HP: 68/81 MP: 24/24
 22617 | D:12     | Reached skill level 12 in Short Blades
 22821 | D:12     | Reached skill level 1 in Evocations
 22980 | Orc:1    | Entered Level 1 of the Orcish Mines
 22980 | Orc:1    | Noticed Sonja
 22987 | Orc:1    | Killed Sonja
 23217 | D:11     | HP: 2/81 [orc warrior/+2 hand axe of electrocution[an orc
                  | knight] (13)]
 23217 | D:11     | Mangled by a warg

Illustrated notes

Levels and vault maps discovered:
D:1:      ldierk_water_garden, layout_basic, serial_bayou_pond_d, st_stairs_5,
          nrook_mini_backslash, patterned_corridor
D:2:      layout_loops_ring, overflow_temple_1_default,
          kennysheep_cluttered_room
D:3:      layout_basic, chequers_temple_overflow_statue_of_worship,
          serial_corexii_hall, chequers_hall_statues_y,
          chequers_hall_statues_wall_a, corexii_hall_statues_x,
          corexii_hall_statues_i, chequers_hall_statues_corner_a,
          corexii_hall_statues_u, chequers_ecumenical_altar_twisty,
          nemelex_altar_shiori
D:4:      corexii_shack_village, layout_loops_ring, nicolae_ossuary_entry_plus,
          uniq_grinder, uniq_edmund, uniq_menkaure
D:5:      layout_basic, nicolae_overflow_hidden_temple, fiery_altar_vehumet,
          serial_co_window_serial, co_window_paths_b, co_window_paths_b,
          co_window_of_opportunity_a, co_window_paths_a,
          co_window_of_opportunity_a, co_window_2corner,
          co_window_of_opportunity_b, co_window_broadway_c,
          co_window_broadway_c, co_window_corner_b, co_window_paths_d
D:6:      layout_basic, old_standard_altar, grunt_ministairs_15
D:7:      layout_basic, zin_purify, nzn_hepliaklqana_mist_gate,
          yredelemnul_forgotten_temple_becter, lemuel_round_altar,
          elyvilon_altar_5, lemuel_coloured_pillars_altar,
          minmay_temple_entry_hall, basic_altar,
          hangedman_abyss_or_decor_passed, grunt_ministairs_1, zaba_anthole,
          ebering_dispersal_statue_hall
D:8:      layout_basic, lemuel_doored_altar, doesnt_shop_hydraphobe
D:9:      layout_irregular_city, lair_entry_dummy
D:10:     layout_loops_cross, palyth_stone_intersect,
          nicolae_dithmenos_through_a_glass_darkly
D:11:     minmay_the_grid_square_5x5_3x3 [minmay_the_grid_square_5x5_moneybag,
          minmay_the_grid_square_5x5_inner_z, minmay_the_grid_square_5x5_meh,
          minmay_the_grid_square_5x5_corner,
          minmay_the_grid_square_5x5_megaprize_diamond,
          minmay_the_grid_square_5x5_hollow_slash,
          minmay_the_grid_square_5x5_shrine2, minmay_the_grid_square_5x5_two,
          minmay_the_grid_square_5x5_dogpile], layout_basic, serial_shops,
          nicolae_shop_behind_doors, nicolae_shop_window_shopping,
          fedhas_altar_fruit_tree
D:12:     layout_roguey
Orc:1:    layout_diamond_mine, serial_shops, shop, uniq_snorg, uniq_sonja

Skill      XL: |  1  2  3  4  5  6  7  8  9 10 11 12 |
---------------+-------------------------------------+-----
Conjurations   | 2 3 4 5 7 |  7.0
Fighting       | 1 3 |  3.0
Poison Magic   | 1 2 3 |  3.0
Air Magic      | 2 3 |  3.0
Spellcasting   | 4 5 6 7 8 |  8.0
Stealth        | 3 4 5 |  5.4
Short Blades   | 2 5 8 11 12 | 12.0
Shields        | 2 4 |  4.0
Translocations | 2 |  2.0
Dodging        | 3 4 |  4.0
Armour         | 1 2 |  2.7
Evocations     | 2 |  2.6
Summonings     | |  1.0

Action                   |  1- 3 |  4- 6 |  7- 9 | 10-12 || total
-------------------------+-------+-------+-------+-------++-------
Melee: Dagger            |    24 |    28 |       |       ||    52
       Short sword       |       |    73 |   230 |   441 ||   744
       Kick              |       |    22 |    52 |    44 ||   118
 Cast: Magic Dart        |    91 |   139 |   350 |   341 ||   921
       Mephitic Cloud    |       |     2 |    17 |    49 ||    68
       Call Imp          |       |     1 |    19 |    14 ||    34
       Blink             |       |       |       |     8 ||     8
Invok: Call Merchant     |       |       |       |     1 ||     1
Evoke: Wand              |       |       |     5 |    11 ||    16
  Use: Potion            |       |     6 |       |       ||     6
       Scroll            |       |    10 |     9 |     7 ||    26
 Stab: Sleeping          |     2 |     3 |     3 |     1 ||     9
       Confused          |       |     1 |     6 |    33 ||    40
       Distracted        |       |       |       |     1 ||     1
Armor: Robe              |     6 |    12 |    16 |     7 ||    41
       Leather armour    |       |       |       |    42 ||    42
Dodge: Dodged            |    15 |    87 |   138 |   146 ||   386
Block: Buckler           |       |       |     2 |   128 ||   130
       Reflection        |       |       |       |     5 ||     5

Table legend: (Time is in decaauts)
 A = Elapsed time spent in this place.
 B = Non-inter-level travel time spent in this place.
 C = Inter-level travel time spent in this place.
 D = Time resting spent in this place.
 E = Time spent auto-exploring this place.
 F = Levels seen in this place.
 G = Mean time per level.
                   A        B        C        D        E       F      G
               +--------+--------+--------+--------+--------+-----+--------+
         Total |  23106 |  22682 |    424 |   2622 |  16279 |  14 | 1650.4 |
       Dungeon |  21865 |  21441 |    424 |   2548 |  15391 |  12 | 1822.1 |
  Orcish Mines |     19 |     19 |      0 |      0 |      0 |   1 |   19.0 |
       Ossuary |   1221 |   1221 |      0 |     74 |    888 |   1 | 1221.0 |
               +--------+--------+--------+--------+--------+-----+--------+

Top non-repeatable levels by time:
    D:10: 2560 daAuts
     D:3: 2336 daAuts
     D:9: 2148 daAuts
     D:8: 2093 daAuts
    D:11: 2017 daAuts
     D:7: 1916 daAuts
     D:2: 1813 daAuts
     D:4: 1656 daAuts
     D:6: 1534 daAuts
     D:5: 1342 daAuts
     D:1: 1315 daAuts
 Ossuary: 1221 daAuts
    D:12: 1131 daAuts
   Orc:1: 19 daAuts
